Map: Romanticide LE

Players

Erik

  • Race: Zerg Zerg

TerraN - Winner!

  • Race: Terran Terran

Event: DreamHack SC2 Masters 2021 Fall

VOD

Have the link to the VOD?

Description

Time

  • Played on: July 28, 2021, 6:24 p.m.
  • Length: 19:31

All games in this series

Show
View Real Time Build Order
Export as new Build Order

Erik Zerg 

Build Orders: Hatch First 

Get SALT Encoding   

  12  0:00  Drone  
  13  0:12  Overlord  
  13  0:17  Drone  
  14  0:31  Drone x2  
  16  0:48  Hatchery  
  15  0:51  Drone  
  15  0:55  Drone  
  17  0:57  Drone  
  18  1:09  Extractor  
  17  1:13  Spawning Pool  
  17  1:16  Drone  
  17  1:20  Drone  
  18  1:28  Drone  
  19  1:38  Drone  
  20  1:49  Drone  
  21  2:00  Queen x2  
  25  2:02  Zergling x4  
  27  2:13  Hatchery  
  26  2:18  Overlord  
  26  2:22  Drone  
  27  2:24  Drone  
  28  2:32  Metabolic Boost  
  27  2:48  Drone x3  
  27  2:49  Queen, Drone  
  33  2:53  Overlord  
  33  2:57  Drone  
  34  3:02  Drone  
  35  3:12  Queen  
  37  3:13  Drone x2  
  37  3:17  Drone  
  40  3:23  Drone  
  40  3:26  Drone x5  
  46  3:36  Overlord  
  46  3:39  Drone x2  
  48  3:44  Roach Warren  
  48  3:46  Drone  
  48  3:52  Overlord x2  
  48  3:59  Drone  
  49  4:07  Overlord x2  
  49  4:09  Queen  
  49  4:11  Zergling x10  
  56  4:19  Drone  
  56  4:21  Drone x2  
  59  4:26  Extractor  
  62  4:31  Roach x3  
  62  4:32  Drone x2  
  62  4:35  Drone x2  
  62  4:37  Drone x2  
  70  4:40  Lair  
  70  4:42  Drone x2  
  70  4:43  Extractor  
  71  4:45  Extractor  
  71  4:47  Evolution Chamber  
  71  4:50  Evolution Chamber  
  67  4:53  Drone x3  
  67  4:57  Drone  
  71  5:02  Overlord  
  71  5:03  Drone x3  
  71  5:04  Drone  
  71  5:05  Spore Crawler  
  74  5:07  Spore Crawler  
  74  5:09  Spore Crawler  
  74  5:12  Drone x4  
  70  5:25  Drone x6  
  72  5:30  Drone  
  72  5:35  Drone x5  
  77  5:37  Drone x3  
  80  5:43  Drone x2  
  80  5:49  Drone  
  78  5:52  Glial Reconstitution  
  78  5:53  Zerg Ground Armor Level 1, Zerg Missile Weapons Level 1  
  78  5:54  Drone  
  78  5:55  Drone  
  76  5:58  Drone  
  76  6:01  Extractor x2  
  75  6:09  Hatchery  
  75  6:11  Drone x2  
  75  6:13  Drone x3  
  75  6:15  Drone x2  
  81  6:20  Drone x2  
  81  6:21  Overlord  
  83  6:26  Overlord  
  83  6:34  Roach  
  83  6:35  Roach x2  
  89  6:42  Roach x4  
  89  6:44  Overlord x2  
  89  6:45  Overlord  
  97  6:52  Roach  
  97  6:53  Roach  
  101  6:58  Roach  
  101  6:59  Roach  
  101  7:00  Overlord  
  105  7:02  Overlord  
  105  7:07  Zergling x2  
  105  7:08  Zergling x16  
  116  7:15  Ravager  
  116  7:16  Ravager x2  
  116  7:17  Ravager  
  116  7:19  Roach x3  
  124  7:24  Roach x5  
  132  7:38  Roach x7  
  132  7:42  Pneumatized Carapace  
  146  7:45  Roach x3  
  146  7:46  Overlord  
  146  7:47  Overlord x2  
  152  7:58  Overlord x2  
  152  7:59  Overlord  
  152  8:06  Ravager x2  
  152  8:09  Ravager  
  152  8:10  Ravager  
  152  8:11  Roach x6  
  168  8:22  Roach x6  
  128  8:44  Roach  
  128  8:45  Roach x13  
  134  8:56  Evolution Chamber  
  134  8:58  Evolution Chamber  
  134  8:59  Roach x7  
  146  9:05  Infestation Pit  
  145  9:10  Roach x2  
  145  9:11  Roach x2  
  145  9:16  Burrow, Tunneling Claws  
  153  9:20  Ravager x5  
  153  9:22  Ravager x2  
  160  9:29  Roach  
  160  9:30  Roach x6  
  174  9:40  Extractor x2  
  174  9:41  Zergling x16  
  174  9:42  Spore Crawler, Zerg Missile Weapons Level 2  
  179  9:54  Zerg Ground Armor Level 2  
  179  9:59  Drone x2  
  181  10:01  Pathogen Glands  
  181  10:02  Overlord  
  181  10:03  Overlord  
  181  10:05  Zergling x10  
  147  10:22  Roach x8  
  163  10:32  Roach x5  
  159  10:40  Roach x6  
  156  10:46  Roach  
  156  10:47  Roach x10  
  156  10:48  Roach  
  163  11:00  Roach x6  
  163  11:04  Roach x3  
  163  11:09  Overlord  
  163  11:12  Infestor x4  
  167  11:29  Roach x11  
  167  11:31  Roach x2  
  178  11:32  Ravager  
  178  11:33  Ravager x4  
  178  11:34  Ravager  
  178  11:35  Ravager  
  178  11:36  Ravager  
  185  11:41  Ravager  
  185  11:44  Zergling x10  
  166  12:01  Zergling x2  
  166  12:02  Zergling x20  
  160  12:11  Hydralisk Den  
  160  12:14  Drone x2  
  158  12:18  Drone x3  
  161  12:33  Roach  
  161  12:34  Roach x3  
  156  12:52  Roach x11  
  156  12:57  Lair  
  176  12:59  Lurker Den  
  171  13:26  Hatchery  
  170  13:34  Roach x5  
  156  14:00  Hive  
  156  14:02  Zerg Melee Weapons Level 1, Hydralisk Den  
  151  14:06  Drone  
  151  14:07  Drone x3  
  155  14:16  Overlord  
  157  14:17  Roach x4  
  157  14:18  Roach x3  
  169  14:30  Drone x6  
  169  14:31  Extractor  
  173  14:34  Extractor  
  173  14:35  Muscular Augments  
  172  14:42  Hydralisk x9  
  190  14:49  Spine Crawler  
  190  14:50  Drone x3, Spine Crawler  
  191  14:52  Spore Crawler  
  190  15:00  Spore Crawler  
  189  15:08  Spore Crawler  
  189  15:13  Viper x2  
  194  15:16  Lurker  
  194  15:17  Lurker x4  
  199  15:44  Overseer  
  199  15:45  Overseer  
  199  15:46  Overseer  
  199  15:47  Overseer, Grooved Spines  
  176  16:28  Zergling x48  
  176  16:29  Zergling x18  
  184  16:37  Hydralisk x18  
  192  16:41  Zerg Melee Weapons Level 2  
  174  16:58  Drone x2  
  174  16:59  Drone  
  174  17:00  Extractor  
  167  17:02  Drone  
  167  17:03  Drone  
  167  17:04  Lurker  
  167  17:05  Lurker x17  
  186  17:15  Hydralisk x3  
  192  17:29  Seismic Spines  
  192  17:34  Hatchery  
  191  17:37  Roach x4  
  191  17:44  Drone x2  
  191  17:47  Drone x2  
  191  17:49  Infestor x2  
  199  17:53  Roach x2  
  199  17:54  Roach x2  
  199  17:56  Roach x2  
  192  18:10  Hatchery  
  182  18:26  Adaptive Talons  
  128  18:43  Hydralisk  
  128  18:44  Roach x5, Hydralisk x20  
  141  18:54  Zergling x2  
  136  18:56  Zergling x6  
  136  19:01  Zergling x8  
  135  19:11  Zergling x4  
  135  19:12  Zergling x2  
Show
View Real Time Build Order
Export as new Build Order

TerraN Terran - Winner!

Build Orders: Liberator Opening, Reaper Expand 

Get SALT Encoding   

  12  0:00  SCV  
  13  0:12  SCV  
  14  0:17  Supply Depot  
  14  0:25  SCV  
  15  0:39  SCV, Barracks  
  16  0:43  Refinery  
  16  0:51  SCV  
  17  1:03  SCV  
  18  1:15  SCV  
  19  1:27  Reaper, Orbital Command  
  20  1:39  Command Center  
  20  1:48  Supply Depot  
  20  1:53  SCV  
  21  1:59  Marine  
  22  2:05  SCV  
  23  2:10  Factory  
  23  2:17  SCV  
  23  2:21  Barracks Reactor  
  24  2:29  SCV  
  25  2:42  SCV  
  26  2:47  Command Center  
  26  2:52  Refinery  
  26  2:53  Orbital Command  
  26  2:56  SCV  
  27  3:03  Starport  
  27  3:08  SCV  
  27  3:12  Barracks Tech Lab  
  28  3:19  Hellion x2  
  32  3:22  SCV x2  
  34  3:34  SCV  
  35  3:36  SCV  
  35  3:41  Hellion x2  
  40  3:46  SCV  
  40  3:47  Liberator  
  44  3:52  SCV  
  45  3:58  SCV  
  45  4:02  Orbital Command  
  46  4:04  SCV  
  46  4:07  Hellion x2  
  46  4:09  Barracks Tech Lab  
  51  4:10  SCV  
  51  4:16  Supply Depot, SCV  
  53  4:22  SCV  
  54  4:28  SCV, Barracks, Stimpack  
  55  4:35  SCV  
  55  4:36  SCV  
  55  4:38  Marine, Barracks  
  58  4:40  SCV, Starport Reactor  
  58  4:41  Supply Depot  
  59  4:47  SCV  
  59  4:50  Orbital Command  
  61  4:53  Siege Tank  
  61  4:54  SCV  
  61  4:57  Refinery  
  61  4:58  Refinery  
  61  4:59  SCV  
  65  5:04  Marine, Supply Depot  
  65  5:06  SCV  
  67  5:07  Engineering Bay  
  67  5:08  Engineering Bay  
  67  5:11  SCV  
  68  5:18  SCV  
  67  5:27  Marine  
  67  5:28  Siege Tank  
  62  5:29  SCV  
  62  5:30  SCV  
  62  5:31  Barracks  
  62  5:32  Starport Reactor  
  62  5:34  Marine x2  
  62  5:35  Supply Depot  
  64  5:44  Marine  
  64  5:45  Marine  
  64  5:46  Marine  
  64  5:52  Marine x2  
  64  5:53  SCV  
  64  5:56  SCV  
  62  5:58  Terran Infantry Armor Level 1, Terran Infantry Weapons Level 1  
  62  5:59  SCV  
  62  6:02  Marine, Siege Tank  
  62  6:03  Marine x2  
  69  6:05  SCV  
  69  6:09  Barracks  
  69  6:10  Marine x2, SCV, Supply Depot  
  73  6:13  Combat Shield  
  73  6:15  SCV  
  74  6:20  Barracks Reactor, Marine  
  74  6:21  SCV  
  74  6:22  Supply Depot  
  74  6:23  Marine  
  74  6:24  Marine  
  79  6:25  SCV  
  79  6:29  Medivac x2  
  79  6:31  SCV  
  79  6:32  Marine x2  
  86  6:36  Siege Tank  
  86  6:37  SCV  
  90  6:47  Marine x3, Supply Depot  
  90  6:48  Supply Depot  
  90  6:49  Supply Depot  
  90  6:50  Marine  
  90  6:51  Marine, Supply Depot  
  90  6:53  SCV  
  90  6:54  SCV  
  97  6:55  Marine  
  97  6:59  Marine x2  
  100  7:02  SCV  
  100  7:03  Refinery  
  100  7:04  Marine x2, Factory  
  100  7:05  Marine  
  100  7:06  SCV  
  100  7:07  SCV  
  100  7:08  Marine  
  107  7:09  Siege Tank  
  107  7:14  SCV  
  111  7:24  Marine x2, SCV x2  
  111  7:27  Refinery  
  111  7:29  Marine, Command Center  
  109  7:37  Marine x2  
  109  7:38  Marine x2  
  109  7:41  Armory  
  109  7:43  Marine  
  109  7:44  Marine  
  114  7:45  Medivac x2  
  114  7:46  Siege Tank  
  114  7:47  Marine x2  
  123  7:51  Factory Tech Lab  
  123  7:55  Marine x3  
  127  8:01  Marine  
  127  8:02  Marine, Sensor Tower  
  127  8:05  Marine  
  130  8:06  Barracks Reactor, Supply Depot  
  130  8:08  Barracks x2  
  130  8:11  Marine  
  130  8:13  Marine  
  130  8:16  Marine x2  
  130  8:17  Missile Turret  
  130  8:19  Marine x2  
  134  8:23  Marine, Siege Tank x2  
  142  8:28  Marine  
  130  8:36  Marine x2  
  130  8:37  Marine  
  130  8:38  Marine  
  130  8:40  Marine x2  
  124  8:47  Marine  
  115  8:49  Marine x2  
  115  8:52  Terran Infantry Armor Level 2, Terran Infantry Weapons Level 2  
  115  8:54  Marine  
  114  8:55  Siege Tank x2  
  114  8:57  Marine x2  
  114  8:58  Marine  
  114  8:59  Marine  
  123  9:03  SCV x2  
  122  9:10  Marine  
  122  9:11  Marine  
  122  9:13  Marine  
  122  9:14  Marine x2  
  122  9:15  Supply Depot  
  122  9:16  Supply Depot, Terran Vehicle Weapons Level 1  
  123  9:17  Marine x2  
  124  9:24  Marine x2  
  124  9:26  Supply Depot x2  
  124  9:27  Siege Tank  
  124  9:28  Marine, Supply Depot  
  124  9:29  Planetary Fortress  
  130  9:32  Marine x2  
  132  9:39  Siege Tank  
  132  9:41  SCV  
  132  9:42  SCV x2  
  138  9:46  Barracks Tech Lab  
  138  9:47  Barracks Tech Lab  
  138  9:48  Marine  
  138  9:49  Barracks  
  139  9:54  SCV  
  139  9:55  SCV  
  139  9:56  SCV  
  139  9:59  Marine, Marauder  
  148  10:00  Siege Tank  
  146  10:12  Marine  
  123  10:18  Siege Tank  
  123  10:20  Marine x3, Marauder  
  124  10:23  Marine  
  124  10:27  Marine x2  
  127  10:31  Marine  
  127  10:32  Siege Tank  
  122  10:43  Marine  
  122  10:44  Marauder  
  122  10:48  Marine x5, Marauder  
  129  10:50  Siege Tank  
  129  10:55  Marine  
  128  11:03  Marine, Marauder  
  128  11:04  Marine, Siege Tank  
  130  11:05  Marine  
  130  11:09  Marine x3, Missile Turret  
  130  11:11  Terran Infantry Armor Level 3  
  132  11:12  Marine  
  132  11:13  Marine x2  
  132  11:14  Marine  
  132  11:16  Missile Turret  
  134  11:18  Missile Turret  
  134  11:20  Marine, Missile Turret  
  134  11:22  Refinery, Marine x2, Siege Tank  
  134  11:23  Command Center  
  134  11:24  Marine  
  133  11:26  Marine  
  133  11:27  Marine x2  
  133  11:29  Concussive Shells  
  133  11:30  Marine x2, Barracks Tech Lab  
  133  11:31  Marine  
  133  11:32  Marine  
  140  11:37  Supply Depot  
  140  11:38  Marine  
  140  11:39  Marine  
  141  11:43  SCV x3  
  141  11:45  Marine  
  141  11:46  Refinery  
  146  11:51  Marine  
  146  11:52  Marauder  
  146  11:53  Marine, Marauder  
  151  11:56  Marauder  
  148  12:08  Marine x2, Marauder  
  148  12:10  Siege Tank x2  
  150  12:19  Marine x2, Marauder  
  154  12:25  Sensor Tower  
  154  12:30  Marine x3  
  154  12:31  Marauder  
  154  12:32  Marine  
  160  12:38  Missile Turret  
  160  12:39  Marine x2  
  160  12:42  Siege Tank x2  
  155  12:58  Supply Depot  
  155  12:59  Supply Depot  
  155  13:00  Supply Depot  
  152  13:06  Terran Vehicle Weapons Level 2  
  152  13:09  Supply Depot  
  149  13:18  Supply Depot  
  149  13:19  Supply Depot  
  149  13:20  Marine x5, SCV  
  149  13:21  Marine x2  
  149  13:22  Marine x3, SCV x2, Sensor Tower  
  162  13:33  Ghost Academy  
  162  13:35  Supply Depot  
  162  13:36  Supply Depot  
  162  13:43  Marine x2  
  162  13:45  Siege Tank x2  
  170  13:48  Medivac x2  
  170  13:52  Terran Infantry Weapons Level 3  
  168  14:05  Marauder x2, Command Center  
  172  14:11  Marine, Marauder  
  172  14:16  Marine x2, Marauder  
  172  14:17  Siege Tank x2  
  185  14:27  Marine  
  185  14:28  Marauder  
  185  14:29  Medivac  
  185  14:30  Medivac  
  192  14:33  Ghost x2  
  192  14:37  Ghost  
  198  14:41  Missile Turret  
  198  14:42  Marine x2  
  200  14:50  Personal Cloaking  
  200  14:52  Planetary Fortress  
  200  14:59  Sensor Tower  
  200  15:14  Command Center  
  200  15:28  Refinery  
  200  15:29  Refinery  
  200  15:30  Orbital Command  
  200  15:39  Starport  
  200  15:40  Starport  
  135  15:57  Neosteel Armor  
  200  15:58  Terran Vehicle Weapons Level 3  
  200  16:00  Command Center  
  192  16:19  Ghost x2  
  192  16:23  Siege Tank  
  195  16:31  Marine x2  
  195  16:32  Marauder  
  181  16:36  Siege Tank  
  169  16:40  Liberator x2  
  169  16:41  Marine, Marauder  
  169  16:42  Liberator x2  
  184  16:48  Marine, Marauder  
  165  16:55  Siege Tank  
  165  16:56  Marauder  
  165  16:57  Marine  
  165  16:58  Marine  
  152  17:06  Marine x5  
  155  17:12  Orbital Command  
  155  17:16  SCV x2  
  157  17:23  Siege Tank, Liberator  
  157  17:24  Marine x2, Marauder  
  167  17:33  Marine x2  
  167  17:34  Marine x2, Marauder  
  167  17:35  Marauder, Missile Turret  
  167  17:36  Marine  
  167  17:37  Marine x2  
  176  17:41  Planetary Fortress  
  176  17:43  Marine  
  178  17:48  Marine, Marauder  
  181  18:02  Ghost  
  181  18:03  Marine x3, Ghost  
  181  18:04  Marauder  
  190  18:17  Marine, Marauder  
  190  18:18  Marine  
  186  18:25  Marauder  
  173  18:38  Marine  
  173  18:39  Siege Tank, Marauder  
  145  18:50  Marine x2, Siege Tank, Marauder  
  145  18:51  Marine  
  145  18:52  Marauder  
  145  18:53  Marine, Marauder  
  155  18:55  SCV x2  
  155  18:56  SCV  
  155  19:02  Marine x2, Marauder  
  160  19:06  Marine  
  161  19:11  Marine x2  

Tags
 
Add a new tag
Caveats
  • Supply blocks, unpowered buildings, or Contaminate may cause inaccurate times.
  • Supply counts are checked every 10 seconds.